 Dungeon Crawl Stone Soup version 0.31-a0-1370-gf52a5a9ab3 (webtiles) character file.

Game seed: 8901662663870119233

16371 wildpjah the Nimble (level 12, 0/91 HPs)
             Began as a Djinni Gladiator on Dec 24, 2023.
             Was the Champion of Okawaru.
             Slain by a hell rat (12 damage)
             ... on level 1 of the Lair of Beasts.
             The game lasted 00:42:00 (13025 turns).

wildpjah the Nimble (Djinni Gladiator)             Turns: 13025, Time: 00:42:00

Health: 0/91       AC: 11    Str: 11    XL:     12   Next: 69%
Gold:   942        EV: 24    Int: 20    God:    Okawaru [******] SH:  0 Dex: 19

rFire   + . .        E - +9 sword of Power {lifebolt}
rCold   x . .        (shield currently unavailable)
rNeg    . . .        Q - +1 leather armour {rPois}
rPois   ∞            c - +0 helmet
rElec   +            D - +0 cloak of Cixasar {Fly rF- Str-2 Int+9}
rCorr   .            I - +0 pair of gloves "Zasem" {rElec Stlth+}
SInv    .            (boots unavailable)
Will    +....        L - amulet of faith
Stlth   ++++         q - +4 ring of protection
HPRegen 0.35/turn    G - +5 ring of evasion
MPRegen 0.00/turn

%: faith, infuse magic (-1 HP)
@: flying
A: sickness immunity, fire resistance 2, cold vulnerability 1, float, innate
caster, HP casting, extra vitality 1
a: Renounce Religion, Heroism, Finesse, Duel


You were on level 1 of the Lair of Beasts.
You worshipped Okawaru.
Okawaru was exalted by your worship.
You visited 3 branches of the dungeon, and saw 14 of its levels.

You collected 942 gold pieces.

Inventory:

Hand Weapons
 n - the +12 dagger of Xom, Hammering {antimagic, Dex+6}
   (You found it on level 7 of the Dungeon)

   Dex+6:     It affects your dexterity (+6).
 u - a +0 falchion of flaming
 E - the +9 sword of Power (weapon) {lifebolt}
   (Okawaru gifted it to you on level 1 of the Lair of Beasts)
 J - a +2 short sword of venom
 P - a +4 scimitar
Missiles
 d - 5 throwing nets
 V - 2 silver javelins
 W - a javelin
Armour
 b - a +0 leather armour
 c - a +0 helmet (worn)
 f - the +2 cloak "Aggaura" {Str+4}
   (You acquired it on level 3 of the Dungeon)

   Str+4:     It affects your strength (+4).
 g - a +0 pair of gloves
 D - the +0 cloak of Cixasar (worn) {Fly rF- Str-2 Int+9}
   (You acquired it in the Ecumenical Temple)

   Str-2:     It affects your strength (-2).
   Int+9:     It affects your intelligence (+9).
   rF-:       It makes you vulnerable to fire.
   Fly:       It grants you flight.
 I - the +0 pair of gloves "Zasem" (worn) {rElec Stlth+}
   (Okawaru gifted it to you on level 1 of the Lair of Beasts)

   rElec:     It insulates you from electricity.
   Stlth+:    It makes you more stealthy.
 K - +1 steam dragon scales
 Q - a +1 leather armour of poison resistance (worn)
 U - the +4 robe of Augmentation {Str+4 Int+4 Dex+4}
   (You found it on level 9 of the Dungeon)

   Str+4:     It affects your strength (+4).
   Int+4:     It affects your intelligence (+4).
   Dex+4:     It affects your dexterity (+4).
Jewellery
 q - a +4 ring of protection (left hand)
 G - a +5 ring of evasion (right hand)
 L - an amulet of faith (around neck)
 X - a +6 ring of intelligence
Wands
 M - a wand of quicksilver (8)
 O - a wand of flame (7)
 R - a wand of mindburst (4)
 S - a wand of roots (9)
 Y - a wand of paralysis (3)
Scrolls
 a - a scroll of summoning {unknown}
 i - 3 scrolls of fog
 l - a scroll of vulnerability
 m - a scroll of brand weapon
 o - 6 scrolls of teleportation
 r - 3 scrolls of enchant weapon {unknown}
 t - 2 scrolls of immolation {unknown}
 x - 4 scrolls of silence {unknown}
 y - 2 scrolls of fear {unknown}
 z - 2 scrolls of amnesia {unknown}
 H - a scroll of torment
Potions
 h - 6 potions of enlightenment
 j - a potion of ambrosia {unknown}
 k - a potion of resistance {unknown}
 p - a potion of heal wounds {unknown}
 s - a potion of haste {unknown}
 v - 3 potions of curing {unknown}
 w - a potion of brilliance {unknown}
 A - a potion of lignification {unknown}
 B - a potion of magic {unknown}
 C - a potion of berserk rage {unknown}
 F - 2 potions of invisibility {unknown}
 N - a potion of might {unknown}
Miscellaneous
 e - a tin of tremorstones (2/2)


   Skills:
 * Level 10.0 Fighting
 + Level 7.1(8.5) Short Blades
 + Level 7.1(8.5) Long Blades
 + Level 1.8 Throwing
 + Level 3.0 Armour
 * Level 11.2 Dodging
 + Level 4.2 Stealth
 * Level 5.8 Spellcasting
 * Level 5.8 Conjurations
 * Level 5.8 Hexes
 * Level 5.8 Summonings
 * Level 5.8 Necromancy
 * Level 5.8 Translocations
 * Level 5.8 Fire Magic
 * Level 5.8 Ice Magic
 * Level 5.8 Air Magic
 * Level 5.8 Earth Magic
 * Level 5.8 Alchemy
 + Level 0.1 Invocations


You knew the following spells:

 Your Spells              Type           Power      Damage    Failure   Level
a - Sting                 Conj/Alch      100%       1d9       1%          1
b - Passwall              Alch/Erth      24%        N/A       1%          2
c - Scorch                Fire           58%        2d7       1%          2
d - Brom's Barrelling Bo  Conj/Erth      29%        2d5       12%         4
e - Summon Forest         Summ/Tloc      14%        N/A       34%         5
Your spell library was empty.

Dungeon Overview and Level Annotations

Branches:
Dungeon (11/15)            Temple (1/1) D:7            Lair (2/5) D:11
  Swamp: Lair:2-3    Shoals: Lair:2-3     Snake: Lair:2-3    Spider: Lair:2-3
    Orc: D:9-12

Altars:
Ashenzari
Cheibriados
Dithmenos
Elyvilon
Fedhas
Gozag
Hepliaklqana
Makhleb
Nemelex Xobeh
Okawaru
Qazlal
Ru
Trog
Uskayaw
Wu Jian
Xom
Yredelemnul
Zin
The Shining One

Shops:
D:1 (*:   D:3 [   D:4 =   D:5 (   D:6 (   D:8 !

Portals:
Trove: D:11 (give 15 scrolls of teleportation)

Annotations:
D:4 1 transporter


Innate Abilities, Weirdness & Mutations

You are immune to sickness and miasma.
You are immune to poison.
Your flesh is very heat resistant. (rF++)
You are vulnerable to cold. (rC-)
You float through the air rather than walking.
You learn spells naturally, not from books.
Your magical power is your life essence.
You have superior vitality. (+4 MHP)


Message History

The hell rat closely misses you. The hell rat bites you.
The yak closely misses you. The hell rat completely misses you.
The black mamba closely misses you. The hell rat bites you!
The hell rat completely misses you.
You miss the black mamba.
The black mamba is moderately wounded.
The black mamba barely misses you. The hell rat barely misses you.
The hell rat misses you. The yak closely misses you.
The black mamba closely misses you. The hell rat completely misses you.
The hell rat barely misses you. The hell rat misses you.
The hell rat completely misses you. The yak closely misses you.
You barely miss the black mamba.
The black mamba is moderately wounded.
The black mamba completely misses you. The hell rat barely misses you.
The hell rat bites you! The black mamba misses you.
The hell rat completely misses you. The hell rat misses you.
The yak closely misses you. The hell rat bites you.
The hell rat completely misses you.
You hit the black mamba.
The black mamba is heavily wounded.
The black mamba completely misses you. The hell rat closely misses you.
The hell rat completely misses you. The black mamba barely misses you.
The hell rat closely misses you. The hell rat misses you. The yak gores you.
The hell rat completely misses you. The hell rat misses you.
The black mamba completely misses you.
You miss the black mamba.
The black mamba is heavily wounded.
The black mamba completely misses you. The hell rat misses you.
The hell rat completely misses you. The hell rat bites you!
* * * LOW HITPOINT WARNING * * *
The yak misses you. The hell rat misses you. The black mamba barely misses you.
The hell rat closely misses you. x2
Okay, then.
Unknown command.
As you read the scroll of identify, it crumbles to dust.
h - 6 potions of enlightenment The black mamba bites you!
* * * LOW HITPOINT WARNING * * *
The hell rat bites you!
You die...

......†.#####.......##.##.#######
........# #..♣.>.♣########
........## ###.....# .........#
##...## ........## ##...###
........# ####......## ........#
#.#...♣....#
........####...rr..).###
........P##..♣.Y@..♣...# #
...^....##.....Srr.....### #
.......##.......♣........# ####
.......#.[...............# #...
......##..♣...........♣..## ##.~~
......#.....##..♣...#.....# #...~
P..................##.....# #.)>.
~.....#.....##.....##.....# #...≈
.........#.###......##'#.#####.~≈


You could see a black mamba, a yak and 4 hell rats.

Vanquished Creatures
  Erolcha (D:11)
  Harold (D:11)
  A rakshasa (D:9)
  A centaur warrior (D:9)
  Pikel (D:7)
  A black mamba (Lair:1)
  2 cane toads (Lair:1)
  A rime drake (Lair:1)
  An unseen horror (D:11)
  4 kobold demonologists
  A tengu conjurer (D:9)
  6 komodo dragons
  2 trolls
  A meliai (D:9)
  2 hornets
  A wraith (D:11)
  14 yaks
  3 wyverns
  A basilisk (Lair:1)
  3 steam dragons
  6 water moccasins
  3 orc warriors
  5 black bears
  An ogre (D:2)
  3 centaurs
  2 gnoll sergeants
  7 kobold brigands
  10 bullfrogs
  A scorpion (D:5)
  5 wights (D:9)
  8 killer bees
  An electric eel (Lair:1)
  6 howler monkeys
  Crazy Yiuf (D:2)
  6 hounds
  2 jellies (D:7)
  3 orc priests
  A sleepcap (D:5)
  2 iguanas (D:6)
  10 orc wizards
  2 hell rats (Lair:2)
  12 gnolls
  9 adders
  2 shadow imps
  2 bombardier beetles
  2 white imps
  A worm (D:2)
  2 dart slugs
  29 orcs
  7 ball pythons
  5 bats
  5 endoplasms (D:2)
  4 giant cockroaches
  7 goblins
  5 hobgoblins
  3 jackals (D:2)
  47 kobolds
  7 quokkas
  5 frilled lizards
  10 rats
297 creatures vanquished.

Vanquished Creatures (collateral kills)
  A black bear (D:11)
  13 boulders
14 creatures vanquished.

Vanquished Creatures (others)
  13 boulders
13 creatures vanquished.

Grand Total: 324 creatures vanquished

Notes
Turn   | Place    | Note
-------+----------+-------------------------------------------
     0 | D:1      | wildpjah the Djinni Gladiator began the quest for the Orb.
     0 | D:1      | Reached XP level 1. HP: 18/18 MP: 0/0
    71 | D:1      | Found Inanakat's Antique Weapon Shoppe.
    77 | D:1      | Reached XP level 2. HP: 23/23 MP: 0/0
   137 | D:1      | Found a faded altar of an unknown god.
   193 | D:1      | Found Zius's General Store.
   271 | D:1      | Found Otseilycw's Book Boutique.
   630 | D:1      | Reached XP level 3. HP: 24/28 MP: 0/0
   630 | D:1      | Learned a level 1 spell: Sting
   805 | D:2      | Noticed an ogre
  1053 | D:2      | Killed an ogre
  1054 | D:2      | Reached skill level 1 in Short Blades
  1054 | D:2      | Reached XP level 4. HP: 7/34 MP: 0/0
  1054 | D:2      | Reached XP level 5. HP: 8/40 MP: 0/0
  1054 | D:2      | Learned a level 2 spell: Passwall
  1322 | D:2      | Reached skill level 1 in Armour
  1377 | D:2      | Identified the +1 ring mail of Noughts and Crosses {rPois
                  | rC+ Dex-5 SInv}
  1745 | D:2      | Found a runed translucent door.
  1746 | D:2      | Noticed Crazy Yiuf
  2197 | D:2      | Killed Crazy Yiuf
  2198 | D:2      | Reached XP level 6. HP: 16/46 MP: 0/0
  2358 | D:3      | Reached skill level 4 in Dodging
  2851 | D:3      | Found Monen's Armour Shoppe.
  2860 | D:3      | Identified a scroll of acquirement
  2864 | D:3      | Acquired the +2 cloak "Aggaura" {Str+4}
  2961 | D:3      | Found a sparkling altar of Nemelex Xobeh.
  3280 | D:3      | Identified the +3 falchion of Eternal Harmony {flame, rF+}
  3479 | D:4      | Reached XP level 7. HP: 46/50 MP: 0/0
  3479 | D:4      | Learned a level 2 spell: Scorch
  3721 | D:4      | Found Gaghanil's Jewellery Shop.
  3849 | D:4      | Reached skill level 1 in Stealth
  3882 | D:4      | Found a transporter.
  3882 | D:4      | You are sucked into a shaft and drop 2 floors!
  3929 | D:5      | Entered Level 5 of the Dungeon
  4117 | D:5      | Reached skill level 1 in Spellcasting
  4117 | D:5      | Reached skill level 1 in Conjurations
  4117 | D:5      | Reached skill level 1 in Hexes
  4117 | D:5      | Reached skill level 1 in Summonings
  4117 | D:5      | Reached skill level 1 in Necromancy
  4117 | D:5      | Reached skill level 1 in Translocations
  4117 | D:5      | Reached skill level 1 in Fire Magic
  4117 | D:5      | Reached skill level 1 in Ice Magic
  4117 | D:5      | Reached skill level 1 in Air Magic
  4117 | D:5      | Reached skill level 1 in Earth Magic
  4117 | D:5      | Reached skill level 1 in Alchemy
  4117 | D:5      | Reached XP level 8. HP: 25/58 MP: 0/0
  4249 | D:5      | Found Eweebrarr's Weapon Boutique.
  4582 | D:5      | Reached skill level 5 in Dodging
  4942 | D:6      | Reached skill level 5 in Long Blades
  5293 | D:6      | Found Guyskoo's Weapon Emporium.
  5588 | D:6      | Reached skill level 5 in Fighting
  6145 | D:7      | Found a staircase to the Ecumenical Temple.
  6169 | D:7      | Reached XP level 9. HP: 57/65 MP: 0/0
  6169 | D:7      | Learned a level 4 spell: Brom's Barrelling Boulder
  6178 | D:7      | Identified the +12 dagger of Xom, Hammering {antimagic,
                  | Dex+6}
  6188 | D:7      | Reached skill level 6 in Dodging
  6206 | Temple   | Entered the Ecumenical Temple
  6208 | Temple   | Acquired the +0 cloak of Cixasar {Fly rF- Str-2 Int+9}
  6230 | Temple   | Became a worshipper of Warmaster Okawaru
  6253 | D:7      | Found an opulent altar of Gozag.
  6401 | D:7      | Noticed Pikel
  6420 | D:7      | Killed Pikel
  6420 | D:7      | Reached * piety under Okawaru
  6606 | D:7      | Noticed a hornet
  6618 | D:7      | Killed a hornet
  6710 | D:7      | Reached skill level 7 in Dodging
  7350 | D:8      | Reached ** piety under Okawaru
  7358 | D:8      | Reached XP level 10. HP: 65/73 MP: 0/0
  7446 | D:8      | Found Afiwitsaute's Distillery.
  7498 | D:8      | Found a bloodstained altar of Trog.
  7503 | D:8      | Found a hazy altar of Hepliaklqana.
  7504 | D:8      | Found a broken altar of Ashenzari.
  7506 | D:8      | Found a stormy altar of Qazlal.
  7506 | D:8      | Found a blossoming altar of Fedhas.
  7507 | D:8      | Found a shimmering altar of Xom.
  8108 | D:9      | Reached *** piety under Okawaru
  8363 | D:9      | Reached skill level 5 in Short Blades
  8363 | D:9      | Reached skill level 8 in Dodging
  8386 | D:9      | Noticed a rakshasa
  8386 | D:9      | Noticed a cyclops
  8386 | D:9      | Noticed a centaur warrior
  8386 | D:9      | Noticed a kobold demonologist
  8402 | D:10     | Entered Level 10 of the Dungeon
  8683 | D:9      | Found the +4 robe of Augmentation {Str+4 Int+4 Dex+4}
  8705 | D:9      | Killed a kobold demonologist
  8705 | D:9      | Reached **** piety under Okawaru
  8712 | D:9      | Identified the staff of Estuj {Fly rElec Dex-5 Air Alchemy}
  8716 | D:9      | Identified the +7 spear "Qazullaog" {freeze, rElec}
  8801 | D:9      | Reached XP level 11. HP: 50/81 MP: 0/0
  8801 | D:9      | Learned a level 5 spell: Summon Forest
  8974 | D:9      | HP: 2/81 [rakshasa/lance of force (19)]
  8980 | D:9      | Killed a rakshasa
  9321 | D:9      | Killed a centaur warrior
  9321 | D:9      | Reached ***** piety under Okawaru
  9322 | D:9      | Reached skill level 9 in Dodging
 10585 | D:11     | Received a gift from Okawaru
 10586 | D:11     | Reached skill level 10 in Dodging
 10754 | D:11     | Reached skill level 5 in Spellcasting
 10754 | D:11     | Reached skill level 5 in Conjurations
 10754 | D:11     | Reached skill level 5 in Hexes
 10754 | D:11     | Reached skill level 5 in Summonings
 10754 | D:11     | Reached skill level 5 in Necromancy
 10754 | D:11     | Reached skill level 5 in Translocations
 10754 | D:11     | Reached skill level 5 in Fire Magic
 10754 | D:11     | Reached skill level 5 in Ice Magic
 10754 | D:11     | Reached skill level 5 in Air Magic
 10754 | D:11     | Reached skill level 5 in Earth Magic
 10754 | D:11     | Reached skill level 5 in Alchemy
 10787 | D:11     | Noticed Harold
 10805 | D:11     | Killed Harold
 10806 | D:11     | Reached XP level 12. HP: 57/89 MP: 0/0
 10913 | D:11     | Noticed Erolcha
 10930 | D:11     | Killed Erolcha
 11155 | D:11     | Found a portal to a secret trove of treasure.
 11211 | D:11     | Found a staircase to the Lair.
 11278 | D:11     | Identified the +5 trident of Indignation {protect, *Slow
                  | rElec Dex+8 Stlth+}
 11905 | Lair:1   | Entered Level 1 of the Lair of Beasts
 12102 | Lair:1   | Received a gift from Okawaru
 12214 | Lair:1   | Reached skill level 11 in Dodging
 12322 | Lair:1   | Reached ****** piety under Okawaru
 12343 | Lair:1   | Acquired the +9 sword of Power {lifebolt}
 12343 | Lair:1   | Received a gift from Okawaru
 12343 | Lair:1   | Found the +9 sword of Power {lifebolt}
 12345 | Lair:1   | Acquired the +0 pair of gloves "Zasem" {rElec Stlth+}
 12345 | Lair:1   | Received a gift from Okawaru
 12530 | Lair:1   | Reached skill level 10 in Fighting
 13025 | Lair:1   | Slain by a hell rat

Illustrated notes

Levels and vault maps discovered:
D:1:      dpeg_arrival_tiny_j, layout_basic, serial_shops, nicolae_diamond_shop,
          shop, shop, shapermc_ecumenical_altar_mp_urbaneastern,
          minmay_liquid_box, eino_curves_02
D:2:      minmay_inner_zag, layout_loops_ring, kennysheep_minor_cross,
          hex_large, serial_bayou_lagoon_a, uniq_crazy_yiuf_cottage
D:3:      layout_basic, general_overflow_altar, serial_shops, shop,
          due_unseen_surprise
D:4:      gammafunk_steamed_eel, layout_loops_ring, serial_shops,
          nicolae_shop_tiny_real_fake_doors, serial_library_hellmonk_h_bend
D:5:      layout_basic, serial_shops, nicolae_shop_bloodbath_and_beyond,
          amethyst_killhole
D:6:      layout_cave_pods, serial_shops, nicolae_shop_crystal,
          minmay_misc_feat_enclosed, mrwooster_statue_mirror, nrook_campfire,
          kennysheep_big_empty_room
D:7:      kennysheep_kobold_camp, layout_basic, grunt_gozag_breadcrumbs,
          minmay_temple_entry_sparse_star, uniq_pikel
D:8:      nicolae_BIG_FREAKIN_CUBE, layout_cave_pools,
          nicolae_overflow_hallway_of_the_gods, serial_shops,
          nicolae_shop_tiny_waterfront
D:9:      minmay_the_grid_square_5x5_3x3 [minmay_the_grid_square_5x5_n,
          minmay_the_grid_square_5x5_percent, minmay_the_grid_square_5x5_six,
          minmay_the_grid_square_5x5_n_small,
          minmay_the_grid_square_5x5_megaprize_crossed,
          minmay_the_grid_square_5x5_two_small,
          minmay_the_grid_square_5x5_tetrominoes,
          minmay_the_grid_square_5x5_fancy_junction,
          minmay_the_grid_square_5x5_broken_cross], layout_irregular_city,
          serial_bayou_crossing
D:10:     layout_gridville, abandoned_shop, corexii_corridor_pit
D:11:     layout_roguey, due_lair_maze_entry_diamond,
          nicolae_trove_entry_diagonal, uniq_harold, uniq_erolcha
Temple:   nicolae_temple_figure_eight
Lair:1:   layout_big_grid, serial_bayou_shore_a, grunt_megastairs_3,
          lemuel_fruit_fields, infiniplex_staircase_pool
Lair:2:   layout_chaotic_city, minmay_shoals_entry_centaurs,
          minmay_lair_oklob_items, nicolae_lair_lil_pond

Skill      XL: |  1  2  3  4  5  6  7  8  9 10 11 12 |
---------------+-------------------------------------+-----
Long Blades    | 3 4 5 6 7 |  7.1
Short Blades   | 1 2 3 5 6 7 |  7.1
Fighting       | 3 4 5 6 7 9 10 | 10.0
Armour         | 1 2 3 |  3.0
Dodging        | 4 5 7 8 10 11 | 11.2
Stealth        | 1 2 3 4 |  4.2
Spellcasting   | 1 2 3 5 |  5.8
Conjurations   | 1 2 3 5 |  5.8
Hexes          | 1 2 3 5 |  5.8
Summonings     | 1 2 3 5 |  5.8
Necromancy     | 1 2 3 5 |  5.8
Translocations | 1 2 3 5 |  5.8
Fire Magic     | 1 2 3 5 |  5.8
Ice Magic      | 1 2 3 5 |  5.8
Air Magic      | 1 2 3 5 |  5.8
Earth Magic    | 1 2 3 5 |  5.8
Alchemy        | 1 2 3 5 |  5.8
Throwing       | |  1.8
Invocations    | |  0.1

Action                     |  1- 3 |  4- 6 |  7- 9 | 10-12 || total
---------------------------+-------+-------+-------+-------++-------
  Melee: Long sword        |    44 |       |       |       ||    44
         Short sword       |    39 |   144 |       |       ||   183
         Falchion          |       |    36 |   290 |       ||   326
         Punch             |       |     2 |     4 |    10 ||    16
         Dagger            |       |       |    76 |   438 ||   514
         Great sword       |       |       |       |    36 ||    36
  Throw: Javelin           |       |       |     2 |     1 ||     3
         Throwing net      |       |       |       |     3 ||     3
   Cast: Sting             |     4 |     8 |    20 |    12 ||    44
         Passwall          |       |     2 |       |       ||     2
         Scorch            |       |       |     9 |    19 ||    28
         Brom's Barrelling |       |       |       |    31 ||    31
 Invoke: Heroism           |       |       |       |     2 ||     2
         Receive Weapon    |       |       |       |     1 ||     1
         Receive Armour    |       |       |       |     1 ||     1
    Use: Scroll            |       |     4 |     2 |     6 ||    12
   Stab: Sleeping          |       |     4 |     4 |    14 ||    22
         Distracted        |       |       |       |     1 ||     1
 Armour: Leather armour    |    30 |    82 |   149 |    49 ||   310
         Steam dragon scal |       |       |    17 |    37 ||    54
         Robe              |       |       |       |   111 ||   111
  Dodge: Dodged            |    51 |   113 |   280 |   487 ||   931

Table legend: (Time is in decaauts)
 A = Elapsed time spent in this place.
 B = Non-inter-level travel time spent in this place.
 C = Inter-level travel time spent in this place.
 D = Time resting spent in this place.
 E = Time spent auto-exploring this place.
 F = Levels seen in this place.
 G = Mean time per level.
                   A        B        C        D        E       F      G
               +--------+--------+--------+--------+--------+-----+--------+
         Total |  12838 |  12465 |    373 |    539 |   9482 |  14 |  917.0 |
       Dungeon |  11702 |  11354 |    348 |    352 |   8825 |  11 | 1063.8 |
        Temple |     33 |     24 |      9 |      0 |      0 |   1 |   33.0 |
          Lair |   1102 |   1086 |     16 |    187 |    657 |   2 |  551.0 |
               +--------+--------+--------+--------+--------+-----+--------+

Top non-repeatable levels by time:
     D:9: 1578 daAuts
     D:2: 1477 daAuts
    D:11: 1352 daAuts
     D:7: 1339 daAuts
     D:6: 1169 daAuts
  Lair:1: 1067 daAuts
     D:3: 1059 daAuts
    D:10: 993 daAuts
     D:5: 870 daAuts
     D:1: 853 daAuts
     D:8: 540 daAuts
     D:4: 469 daAuts
  Lair:2: 34 daAuts
  Temple: 33 daAuts
